 Dungeon Crawl Stone Soup version 0.31-a0-818-ge7c7cf74f0 (webtiles) character file.

Game seed: 10790525634952193429

953 Kurtz the Chopper (level 8, -11/54 HPs)
             Began as an Octopode Fighter on Sept 23, 2023.
             Was a Believer of Okawaru.
             Shot with an arrow by a centaur (16 damage)
             ... on level 6 of the Dungeon.
             The game lasted 00:04:48 (4163 turns).

Kurtz the Chopper (Octopode Fighter)                Turns: 4163, Time: 00:04:48

Health: -11/54     AC:  1    Str: 18    XL:     8   Next: 14%
Magic:  9/9        EV: 13    Int: 10    God:    Okawaru [**....]
Gold:   334        SH:  4    Dex: 11    Spells: 7/7 levels left

rFire   . . .        s - +2 mace (protect)
rCold   . . .        b - +0 buckler
rNeg    . . .        (helmet restricted)
rPois   .            (no amulet)
rElec   .            (no ring)
rCorr   .            (no ring)
SInv    .            (no ring)
Will    .....        (no ring)
Stlth   +++          (no ring)
HPRegen 0.29/turn    (no ring)
MPRegen 0.11/turn    (no ring)
                     (no ring)

%: no passive effects
@: no status effects
A: almost no armour, amphibious, 8 rings, camouflage 1, gelatinous body 1,
nimble swimmer 1, tentacles
a: Renounce Religion, Heroism


You were on level 6 of the Dungeon.
You worshipped Okawaru.
Okawaru was pleased with you.
You visited 2 branches of the dungeon, and saw 7 of its levels.

You collected 334 gold pieces.

Inventory:

Hand Weapons
 a - a +0 war axe
 s - a +2 mace of protection (weapon)
Missiles
 p - 4 atropa-tipped darts
 r - 3 poisoned darts
 t - 3 javelins (quivered)
Armour
 b - a +0 buckler (worn)
Jewellery
 o - a ring of fire
Scrolls
 e - 2 scrolls of enchant armour {unknown}
 f - 4 scrolls of identify {unknown}
 g - a scroll of amnesia {unknown}
 h - 7 scrolls of teleportation {unknown}
 k - a scroll of immolation {unknown}
 n - 2 scrolls of fear {unknown}
 v - 2 scrolls of blinking {unknown}
 w - a scroll of poison {unknown}
 y - a scroll of torment {unknown}
Potions
 c - a potion of might
 d - 5 potions of curing {unknown}
 i - a potion of attraction {unknown}
 j - 2 potions of brilliance {unknown}
 l - a potion of haste {unknown}
 m - 2 potions of enlightenment {unknown}
 q - a potion of degeneration {unknown}
 u - a potion of ambrosia {unknown}
 x - a potion of magic {unknown}


   Skills:
 * Level 4.4 Fighting
 * Level 7.9 Axes
 + Level 3.8 Dodging
 - Level 3.0 Shields
 * Level 2.5 Invocations


You had 7 spell levels left.
You didn't know any spells.
Your spell library was empty.

Dungeon Overview and Level Annotations

Branches:
Dungeon (6/15)             Temple (1/1) D:4

Altars:
Ashenzari
Dithmenos
Elyvilon
Fedhas
Gozag
Hepliaklqana
Kikubaaqudgha
Makhleb
Nemelex Xobeh
Okawaru
Qazlal
Ru
Sif Muna
Uskayaw
Vehumet
Wu Jian
Xom
Yredelemnul
Zin
The Shining One

Shops:
D:4 (

Annotations:
D:4 exclusion: 2 downstairs


Innate Abilities, Weirdness & Mutations

You cannot wear most types of armour.
You are amphibious.
You can wear up to eight rings at the same time.
Your skin changes colour to match your surroundings (Stealth+).
Your rubbery body absorbs attacks. (AC +1, EV +1)
You are camouflaged when in or above water. (Stealth+)
You have tentacles for arms and can constrict up to eight enemies at once.


Message History

Found a pair of boots.
An orc wizard comes into view. It is wielding a +0 dagger.
An orc wizard is nearby!
An orc comes into view.
It is wielding a +0 dagger of electrocution. 2 orcs come into view.
The orc shouts!
You hear a shout!
An orc comes into view. It is wielding a +0 short sword.
A hound comes into view.
Throw: 5 javelins
Press: ? - help, Q - select action, (/) - cycle Shift-Dir - straight line, f - orc
Aim: an orc, wielding a +0 hand axe, wearing a +0 leather armour and quivering boomerangs (54% to hit)
You throw a javelin. The javelin pierces through the orc!
You kill the orc!
Okawaru accepts your kill.
The orc shouts!
You hear a shout!
A centaur comes into view.
The centaur wields a +0 orcbow.
The centaur shoots an arrow.
The arrow hits you.
Throw: 4 javelins
Press: ? - help, Q - select action, (/) - cycle Shift-Dir - straight line, f - centaur
Aim: a centaur, wielding a +0 orcbow (67% to hit)
You throw a javelin.
The javelin pierces through the centaur but does no damage.
The centaur shoots an arrow.
The arrow hits you!
The centaur shoots an arrow.
The arrow barely misses you.
The centaur shoots an arrow.
The arrow barely misses you.
The centaur shoots an arrow.
The arrow barely misses you.
The centaur shoots an arrow.
The arrow misses you.
The centaur shoots an arrow.
The arrow closely misses you.
The centaur shoots an arrow.
The arrow misses you.
You enter the shallow water.
The centaur shoots an arrow.
The arrow hits you.
The centaur shoots an arrow.
The arrow hits you!
The centaur shoots an arrow.
The arrow hits you!
* * * LOW HITPOINT WARNING * * *
The centaur shoots an arrow.
The arrow hits you.
* * * LOW HITPOINT WARNING * * *
There is an escape hatch in the floor here.
You enter the shallow water.
The centaur shoots an arrow.
The arrow hits you!
You die...

#######..##
##........#
#...##.#..#
#.#......###
#....~≈~...##
##..~~≈≈≈~~..##
#.^~≈≈≈≈≈≈≈~..#
##.~≈≈≈~~≈≈≈~~.##
#..≈≈≈~PP♣@≈≈~..#
#.~≈≈≈P.P..≈≈~~.#
#.~≈≈≈~≈~~.#
#.≈≈≈~PP.P.~≈~~.#
#..~≈≈cPP♣≈≈≈≈..#
##.~≈≈~~~≈≈≈~~.##
# #..≈~≈≈≈≈≈≈~..#
##
##..~~≈≈≈≈~..##
.## ##...~~~...##


You could see a centaur.

Vanquished Creatures
  An ice beast (D:5)
  A sky beast (D:4)
  An ogre (D:5)
  2 phantoms
  A bullfrog (D:6)
  A scorpion (D:5)
  5 iguanas
  Jessica (D:3)
  A sleepcap (D:5)
  2 orc wizards
  Robin (D:3)
  4 adders
  3 gnolls
  A white imp (D:5)
  3 worms
  A dart slug (D:5)
  11 orcs
  3 bats
  4 endoplasms
  4 giant cockroaches
  13 goblins
  9 hobgoblins
  3 jackals (D:1)
  A quokka (D:3)
  6 ball pythons
  4 frilled lizards
  7 kobolds
  5 rats
99 creatures vanquished.

Notes
Turn   | Place    | Note
-------+----------+-------------------------------------------
     0 | D:1      | Kurtz the Octopode Fighter began the quest for the Orb.
     0 | D:1      | Reached XP level 1. HP: 16/16 MP: 1/1
    69 | D:1      | Reached XP level 2. HP: 8/21 MP: 2/2
   330 | D:1      | Reached skill level 3 in Axes
   852 | D:2      | Reached XP level 3. HP: 22/26 MP: 3/3
  1002 | D:2      | Found a faded altar of an unknown god.
  1236 | D:3      | Noticed a phantom
  1245 | D:3      | Killed a phantom
  1246 | D:3      | Reached skill level 4 in Axes
  1246 | D:3      | Reached XP level 4. HP: 9/31 MP: 4/4
  1354 | D:3      | Reached skill level 5 in Axes
  1354 | D:3      | Reached XP level 5. HP: 29/36 MP: 5/5
  1484 | D:3      | Noticed Robin
  1497 | D:3      | Killed Robin
  1896 | D:3      | Found a burning altar of Makhleb.
  1896 | D:3      | Noticed Jessica
  1899 | D:3      | Killed Jessica
  1947 | D:4      | Found a staircase to the Ecumenical Temple.
  1967 | Temple   | Entered the Ecumenical Temple
  1973 | Temple   | Became a worshipper of Warmaster Okawaru
  1988 | D:4      | Found a shadowy altar of Dithmenos.
  2012 | D:4      | Noticed a sky beast
  2035 | D:4      | Killed a sky beast
  2036 | D:4      | Reached skill level 6 in Axes
  2036 | D:4      | Reached XP level 6. HP: 9/42 MP: 6/6
  2197 | D:4      | Reached skill level 1 in Invocations
  2302 | D:4      | Found a white marble altar of Elyvilon.
  2322 | D:4      | Found a shimmering altar of Xom.
  2642 | D:4      | Found Uxeabb's Antique Weapon Boutique.
  2669 | D:4      | Identified the +3 whip of Intense Honour {holy, Str+6}
  2921 | D:5      | Entered Level 5 of the Dungeon
  2927 | D:5      | Reached * piety under Okawaru
  2929 | D:5      | Reached XP level 7. HP: 40/46 MP: 7/7
  3000 | D:5      | Reached skill level 7 in Axes
  3604 | D:5      | Reached ** piety under Okawaru
  3605 | D:5      | Reached XP level 8. HP: 50/54 MP: 9/9
  3738 | D:5      | Found a shimmering blue altar of Sif Muna.
  3982 | D:6      | Found a blossoming altar of Fedhas.
  4163 | D:6      | Shot with an arrow by a centaur

Illustrated notes

Levels and vault maps discovered:
D:1:      lemuel_arrival_muddy, layout_loops_cross
D:2:      layout_rooms, basic_ecumenical_altar
D:3:      minmay_evil_eye, layout_rooms, lightli_temple_of_fire, uniq_jessica,
          uniq_robin
D:4:      layout_loops_cross, xom_butterflies,
          mainiacjoe_overflow_six_doors_small, kennysheep_mini_moat,
          minmay_temple_entry_glass, serial_shops, nicolae_shop_behind_doors
D:5:      minmay_angry_zag, layout_rooms, mainiacjoe_overflow_small_starburst,
          minmay_misc_feat_nine_boxes
D:6:      layout_cave_pods, mainiacjoe_overflow_catwalk,
          mainiacjoe_overflow_tiny_flanked, fedhas_ov_isle_minmay, serial_shops,
          nicolae_shop_peninsula, uniq_jeremiah
Temple:   eino_narrow_crystal_temple

Skill      XL: |  1  2  3  4  5  6  7 |
---------------+----------------------+-----
Axes           | 3 4 5 6 7 |  7.9
Invocations    | 1 2 |  2.5
Fighting       | 4 |  4.4
Dodging        | |  3.8
Shields        | |  3.0

Action                     |  1- 3 |  4- 6 |  7- 9 || total
---------------------------+-------+-------+-------++-------
  Melee: War axe           |    54 |    19 |       ||    73
         Constrict         |    10 |    21 |    14 ||    45
         Tentacles         |     8 |    24 |    12 ||    44
         Mace              |       |    84 |    61 ||   145
  Throw: Javelin           |       |       |     9 ||     9
         Dart              |       |       |     4 ||     4
  Evoke: Wand              |       |       |    11 ||    11
    Use: Potion            |     1 |       |       ||     1
   Stab: Sleeping          |     6 |     7 |     1 ||    14
 Armour: Skin              |    21 |    56 |    43 ||   120
  Dodge: Dodged            |    30 |    52 |    59 ||   141
  Block: Buckler           |     5 |    15 |    18 ||    38

Table legend: (Time is in decaauts)
 A = Elapsed time spent in this place.
 B = Non-inter-level travel time spent in this place.
 C = Inter-level travel time spent in this place.
 D = Time resting spent in this place.
 E = Time spent auto-exploring this place.
 F = Levels seen in this place.
 G = Mean time per level.
                   A        B        C        D        E       F      G
               +--------+--------+--------+--------+--------+-----+--------+
         Total |   4233 |   3998 |    235 |    482 |   2769 |   7 |  604.7 |
       Dungeon |   4220 |   3991 |    229 |    482 |   2769 |   6 |  703.3 |
        Temple |     12 |      6 |      6 |      0 |      0 |   1 |   12.0 |
               +--------+--------+--------+--------+--------+-----+--------+

Top non-repeatable levels by time:
     D:4: 1250 daAuts
     D:3: 820 daAuts
     D:1: 726 daAuts
     D:5: 703 daAuts
     D:2: 481 daAuts
     D:6: 238 daAuts
  Temple: 12 daAuts
